 Dungeon Crawl Stone Soup version 0.30-b1-2-g02819fbbbe (webtiles) character file.

Game seed: 18431151056321895168

673 Armakuni the Slasher (level 7, 0/56 HPs)
             Began as a Human Fighter on May 13, 2023.
             Slain by an ogre
             ... wielding a +0 giant club
              (18 damage)
             ... on level 5 of the Dungeon.
             The game lasted 00:13:11 (3351 turns).

Armakuni the Slasher (Human Fighter)                Turns: 3351, Time: 00:13:12

Health: 0/56       AC: 11    Str: 17    XL:     7   Next: 90%
Magic:  7/7        EV: 10    Int:  8    God:
Gold:   321        SH:  5    Dex: 14    Spells: 6/6 levels left

rFire   . . .        b - +2 dagger (venom)
rCold   + . .        c - +0 buckler
rNeg    . . .        n - +0 scale mail
rPois   .            g - +2 hat
rElec   .            i - +2 cloak
rCorr   .            (no gloves)
SInv    .            (no boots)
Will    .....        (no amulet) Stlth
                     W - ring of wizardry
HPRegen 0.29/turn    J - ring of protection from cold
MPRegen 0.10/turn

%: wizardry (x1)
@: marked
A: no striking features
a: no special abilities


You were on level 5 of the Dungeon.
You visited 1 branch of the dungeon, and saw 5 of its levels.

You collected 321 gold pieces.

Inventory:

Hand Weapons
 a - a +0 long sword
 b - a +2 dagger of venom (weapon)
 l - a +0 sling
Armour
 c - a +0 buckler (worn)
 g - a +2 hat (worn)
 i - a +2 cloak (worn)
 n - a +0 scale mail (worn)
 s - a +0 helmet
Jewellery
 J - a ring of protection from cold (right hand)
 W - a ring of wizardry (left hand)
Scrolls
 d - a scroll of identify
 m - 2 scrolls of vulnerability
 o - a scroll of noise
Potions
 e - a potion of resistance
 f - a potion of flight
 h - a potion of curing
 j - a potion of might
 k - a potion of ambrosia {unknown}


   Skills:
 - Level 5.0 Fighting
 + Level 5.8 Long Blades
 - Level 3.0 Armour
 - Level 3.0 Dodging
 - Level 4.0 Shields


You had 6 spell levels left.
You didn't know any spells.
Your spell library contained the following spells:

 Spells                   Type           Power      Damage    Failure   Level
 Ensorcelled Hibernation  Hex/Ice        0%         N/A       69%         2
 Passwall                 Tmut/Erth      0%         N/A       69%         2
 Gell's Gravitas          Tloc           0%         N/A       89%         3
 Ignite Poison            Fire/Tmut/Pois 0%         N/A       89%         3
 Swiftness                Air            0%         N/A       89%         3
 Teleport Other           Tloc           0%         N/A       89%         3
 Sticky Flame             Conj/Fire      0%         2d3       99%         4
 Dispersal                Tloc           0%         N/A       100%        6
 Ignition                 Fire           0%         3d3       100%        8


Dungeon Overview and Level Annotations

Branches:
Dungeon (5/15)
 Temple: D:4-7

Altars:
Nemelex Xobeh
Wu Jian


Message History

You hear a shout! x2
You hit the phantom.
The phantom is severely damaged.
The phantom closely misses you.
You closely miss the phantom.
The phantom is severely damaged.
The phantom barely misses you.
You slash the phantom!
You destroy the phantom!
No target in view!
No target in view!
You start resting.
HP restored.
You start waiting.
An ogre comes into view. It is wielding a +0 giant club.
Your +2 dagger of venom begins to drip with poison!
b - a +2 dagger of venom (weapon)
You aren't carrying any items that you can evoke.
As you read the scroll of identify, it crumbles to dust.
o - a scroll of noise An iguana comes into view.
You hit the ogre.
The ogre is poisoned.
The ogre is lightly wounded.
The ogre hits you with a +0 giant club!
An orc comes into view. It is wielding a +0 club.
The iguana bites you.
You hit the ogre but do no damage.
The ogre looks as sick as possible!
The ogre is moderately wounded.
The ogre hits you with a +0 giant club!!
Ouch! That really hurt!
* * * LOW HITPOINT WARNING * * *
You feel better. The iguana bites you.
An adder comes into view.
The iguana attacks as you move away! The iguana bites you.
An adder comes into view.
You hit the ogre but do no damage.
The ogre looks as sick as possible!
The ogre is severely wounded.
The iguana misses you.
The ogre hits you with a +0 giant club!!
You die...

#....# #
#....#.#
#....#.#
#...(o.#
#...S#
#....+
#....#
#..O.###
...S..#l@..#
.######....#
#....##
#..(.<#
#######


You could see an ogre (extremely poisoned), an iguana, an adder and an orc.

Vanquished Creatures
  Edmund (D:4)
  A phantom (D:5)
  A scorpion (D:4)
  A gnoll sergeant (D:3)
  A hound (D:4)
  An orc priest (D:4)
  Crazy Yiuf (D:3)
  An iguana (D:4)
  Terence (D:3)
  An orc wizard (D:4)
  Robin (D:3)
  7 adders
  4 gnolls
  3 dart slugs
  6 orcs
  7 ball pythons
  11 bats
  8 endoplasms
  3 giant cockroaches
  12 goblins
  6 hobgoblins (D:3)
  6 jackals
  2 quokkas (D:1)
  4 frilled lizards
  7 kobolds
  5 rats
102 creatures vanquished.

Vanquished Creatures (others)
  A plant (D:1)
1 creature vanquished.

Grand Total: 103 creatures vanquished

Notes
Turn   | Place    | Note
-------+----------+-------------------------------------------
     0 | D:1      | Armakuni the Human Fighter began the quest for the Orb.
     0 | D:1      | Reached XP level 1. HP: 18/18 MP: 1/1
    84 | D:1      | Reached skill level 1 in Dodging
   145 | D:1      | Reached XP level 2. HP: 22/24 MP: 2/2
   314 | D:1      | Reached XP level 3. HP: 19/29 MP: 3/3
   766 | D:2      | Reached XP level 4. HP: 36/37 MP: 4/4
  1557 | D:3      | Reached XP level 5. HP: 42/42 MP: 5/5
  1575 | D:3      | Noticed Robin
  1600 | D:3      | Killed Robin
  1803 | D:3      | Noticed Terence
  1819 | D:3      | Killed Terence
  2009 | D:3      | Found a sparkling altar of Nemelex Xobeh.
  2028 | D:3      | Found a runed translucent door.
  2029 | D:3      | Noticed Crazy Yiuf
  2041 | D:3      | Killed Crazy Yiuf
  2042 | D:3      | Reached skill level 5 in Fighting
  2042 | D:3      | Reached XP level 6. HP: 39/51 MP: 6/6
  2123 | D:3      | Found an ornate altar of the Wu Jian Council.
  2563 | D:4      | Noticed Edmund
  2900 | D:4      | Reached XP level 7. HP: 54/56 MP: 7/7
  2948 | D:4      | Killed Edmund
  2949 | D:4      | Reached skill level 5 in Long Blades
  3317 | D:5      | Entered Level 5 of the Dungeon
  3351 | D:5      | Slain by an ogre

Illustrated notes

Levels and vault maps discovered:
D:1:      minmay_arrival_shoal_huts, layout_basic, serial_forest,
          infiniplex_forest_clump_C, infiniplex_forest_lined_room_2,
          infiniplex_forest_lined_1, infiniplex_forest_clump_diagonal,
          infiniplex_forest_corner_1, infiniplex_forest_end_2,
          infiniplex_forest_clump_cross, infiniplex_forest_end_2
D:2:      layout_loops_ring
D:3:      layout_rooms, nicolae_wu_jian_immortal_techniques,
          mainiacjoe_overflow_boulevard, serial_curves, eino_curves_03,
          eino_curves_04, eino_curves_03, hangedman_abyss_or_decor_lesser_grid,
          minmay_checkerbox, uniq_crazy_yiuf_cottage, uniq_robin, uniq_terence
D:4:      layout_cave_pools, uniq_edmund
D:5:      layout_basic, minmay_increasing_density

Skill      XL: |  1  2  3  4  5  6  7 |
---------------+----------------------+-----
Dodging        | 1 2 3 |  3.0
Fighting       | 4 5 |  5.0
Shields        | 4 |  4.0
Long Blades    | 4 5 |  5.8
Armour         | |  3.0

Action                     |  1- 3 |  4- 6 |  7- 9 || total
---------------------------+-------+-------+-------++-------
  Melee: Long sword        |    85 |   172 |     7 ||   264
         Dagger            |       |    78 |    39 ||   117
  Throw: Throwing net      |       |     2 |       ||     2
    Use: Potion            |       |     5 |     1 ||     6
         Scroll            |       |     4 |     2 ||     6
 Armour: Scale mail        |    35 |   127 |     8 ||   170
  Dodge: Dodged            |    33 |   133 |    23 ||   189
  Block: Buckler           |    22 |    84 |     9 ||   115
